 Dungeon Crawl Stone Soup version 0.31-a0-981-geadf994542 (webtiles) character file.

Game seed: 14339938495125953149

4074 njkz123 the Eclecticist (level 10, -4/50 HPs)
             Began as a Deep Elf Conjurer on Nov 1, 2023.
             Was a Follower of Sif Muna.
             Slain by an acid dragon (7 damage)
             ... on level 9 of the Dungeon.
             The game lasted 00:19:53 (9811 turns).

njkz123 the Eclecticist (Deep Elf Conjurer)         Turns: 9811, Time: 00:19:54

Health: -4/50      AC:  1    Str:  4    XL:     10   Next: 5%
Magic:  17/31      EV: 11    Int: 28    God:    Sif Muna [*.....]
Gold:   457        SH:  4    Dex: 13    Spells: 29/40 levels left

rFire   . . .        e - staff of conjuration
rCold   . . .        m - +0 buckler
rNeg    + . .        a - +0 robe
rPois   .            (no helmet)
rElec   .            c - +0 cloak
rCorr   .            j - +1 pair of gloves
SInv    .            (no boots)
Will    +....        (no amulet)
Stlth   ++           y - ring of positive energy
HPRegen 0.28/turn    (no ring)
MPRegen 0.22/turn

%: no passive effects
@: corroded, very slightly contaminated, slowed, very slow
A: no striking features
a: Renounce Religion, Channel Magic


You were on level 9 of the Dungeon.
You worshipped Sif Muna.
Sif Muna was aware of your devotion.
You visited 2 branches of the dungeon, and saw 10 of its levels.

You collected 457 gold pieces.

Inventory:

Hand Weapons
 l - the +5 Force Lance {heavy, knockback}
   (You found it on level 3 of the Dungeon)
Missiles
 s - a throwing net
Armour
 a - a +0 robe (worn)
 c - a +0 cloak (worn)
 j - a +1 pair of gloves (worn)
 m - a +0 buckler (worn)
Magical Staves
 e - a staff of conjuration (weapon)
Jewellery
 y - a ring of positive energy (left hand)
Wands
 d - a wand of flame (18)
 n - a wand of mindburst (19)
 t - a wand of roots (7)
Scrolls
 f - 7 scrolls of identify
 g - 4 scrolls of teleportation
 k - a scroll of brand weapon
 o - 2 scrolls of noise {unknown}
 p - a scroll of vulnerability
 z - a scroll of blinking {unknown}
Potions
 b - a potion of magic
 h - a potion of resistance
 i - 7 potions of curing
 q - a potion of might {unknown}
 r - a potion of heal wounds
 u - a potion of brilliance {unknown}
 v - a potion of attraction {unknown}
 w - a potion of mutation
 x - 2 potions of berserk rage {unknown}


   Skills:
 - Level 2.4 Dodging
 - Level 2.4 Stealth
 * Level 15.5 Spellcasting
 + Level 10.1 Conjurations


You had 29 spell levels left.
You knew the following spells:

 Your Spells              Type           Power      Damage    Failure   Level
a - Magic Dart            Conj           100%       1d8       1%          1
b - Searing Ray           Conj           100%       2d8       1%          2
c - Iskenderun's Mystic   Conj/Tloc      66%        2d14      6%          4
d - Fulminant Prism       Conj/Hex       33%        3d15      6%          4

Your spell library contained the following spells:

 Spells                   Type           Power      Damage    Failure   Level
 Dazzling Flash           Conj/Hex       100%       N/A       1%          3
 Mephitic Cloud           Conj/Pois/Air  57%        N/A       3%          3
 Call Imp                 Summ           42%        N/A       7%          2
 Ensorcelled Hibernation  Hex/Ice        42%        N/A       7%          2
 Jinxbite                 Hex            42%        N/A       7%          2
 Poisonous Vapours        Pois/Air       42%        N/A       7%          2
 Freezing Cloud           Conj/Ice/Air   28%        6-21      32%         5
 Anguish                  Hex/Necr       10%        N/A       43%         4
 Alistair's Intoxication  Tmut/Pois      14%        N/A       78%         5
 Borgnjor's Vile Clutch   Necr/Erth      10%        N/A       78%         5
 Eringya's Noxious Bog    Tmut/Pois      10%        4d6       100%        6


Dungeon Overview and Level Annotations

Branches:
Dungeon (9/15)             Temple (1/1) D:5            Lair (0/5) D:8
    Orc: D:9-12

Altars:
Ashenzari
Cheibriados
Dithmenos
Elyvilon
Fedhas
Gozag
Hepliaklqana
Kikubaaqudgha
Makhleb
Nemelex Xobeh
Ru
Sif Muna
Uskayaw
Vehumet
Wu Jian
Xom
Yredelemnul
Zin
The Shining One

Shops:
D:7 ?

Annotations:
D:3 exclusion: statue


Message History

The acid dragon spits acid at you. The splash of acid hits you!!
The acid corrodes you!
Casting: Fulminant Prism (dangerous; 6% risk of failure)
Confirm with . or Enter, or press ? or * to list all spells.
Aiming: Fulminant Prism (dangerous; 6% risk of failure)
Press: ? - help, Dir - move target You feel a surge of power!
You miscast Fulminant Prism.
You are very lightly contaminated with residual magic.
Magic surges out from your body.
You feel yourself slow down.
Your fulminant prism crackles loudly.
Unknown command.
Casting: Fulminant Prism (dangerous; 6% risk of failure)
Confirm with . or Enter, or press ? or * to list all spells.
Aiming: Fulminant Prism (dangerous; 6% risk of failure)
Press: ? - help, Dir - move target You feel a surge of power!
You conjure a prism of explosive energy!
A fulminant prism comes into view.
Your fulminant prism explodes!
The blast of energy engulfs your fulminant prism!!
Your fulminant prism detonates feebly.
The blast of energy engulfs the acid dragon!!
The acid dragon is severely wounded.
You hear a shout! x3
Casting: Fulminant Prism (dangerous; 6% risk of failure)
Confirm with . or Enter, or press ? or * to list all spells.
Aiming: Searing Ray (safe; 1% risk of failure)
Press: ? - help, Shift-Dir - straight line, f - acid dragon
Aim: an acid dragon (severely wounded, 83% to hit)
You feel a surge of power!
The searing ray hits the acid dragon.
The acid dragon is severely wounded. (Press . to maintain the ray.)
The searing ray hits the acid dragon.
The acid dragon is severely wounded.
The acid dragon spits acid at you. The splash of acid hits you!!
Ouch! That really hurt!
* * * LOW HITPOINT WARNING * * *
The acid dragon bites you!
You die...

#........#
#........#
#........#
#........#
#........#
########.# #.#
#.# #@#######
#D....<..
....D...#######
........#
........#
........#
$.......#
........#
.........


You could see an acid dragon (catching breath).

Vanquished Creatures
  Pikel (D:6)
  The ghost of Zlot the Slasher, a novice DsBe of Trog (D:5)
  A kobold demonologist (D:8)
  A tengu conjurer (D:8)
  Menkaure (D:6)
  A black bear (D:5)
  An ice beast (D:7)
  An orc warrior (D:8)
  A sky beast (D:8)
  An ogre (D:6)
  2 centaurs
  2 lemures (D:6)
  4 bullfrogs
  2 kobold brigands
  2 gnoll sergeants
  4 scorpions
  8 wights
  4 howler monkeys
  A jelly (D:6)
  Crazy Yiuf (D:6)
  2 gnoll boudas
  A human zombie (D:8)
  2 orc priests
  4 hounds
  2 iguanas
  A sleepcap (D:8)
  Terence (D:3)
  4 orc wizards
  12 gnolls
  8 adders
  18 orcs
  5 endoplasms
  2 giant cockroaches
  5 goblins
  4 hobgoblins
  4 jackals (D:2)
  7 kobolds
  3 quokkas
  9 ball pythons
  8 bats
  A frilled lizard (D:1)
  A kobold skeleton (D:8)
  8 rats
  4 fulminant prisms
156 creatures vanquished.

Vanquished Creatures (others)
  5 fulminant prisms
5 creatures vanquished.

Grand Total: 161 creatures vanquished

Notes
Turn   | Place    | Note
-------+----------+-------------------------------------------
     0 | D:1      | njkz123 the Deep Elf Conjurer began the quest for the Orb.
     0 | D:1      | Reached XP level 1. HP: 10/10 MP: 6/6
   238 | D:1      | Reached XP level 2. HP: 15/15 MP: 2/8
   636 | D:1      | Reached skill level 5 in Conjurations
  1341 | D:2      | Reached XP level 3. HP: 19/19 MP: 8/10
  1595 | D:2      | Found a hide-covered altar of Uskayaw.
  1653 | D:2      | Found a faded altar of an unknown god.
  1720 | D:2      | Reached skill level 4 in Spellcasting
  1978 | D:2      | Learned a level 2 spell: Searing Ray
  2128 | D:3      | Reached XP level 4. HP: 24/24 MP: 7/12
  2302 | D:3      | Noticed Terence
  2308 | D:3      | Killed Terence
  2416 | D:3      | Found a hide-covered altar of Uskayaw.
  2502 | D:3      | Found a radiant altar of Vehumet.
  2502 | D:3      | Noticed a charred statue
  2720 | D:3      | Found the +5 Force Lance {heavy, knockback}
  2985 | D:4      | Reached skill level 5 in Spellcasting
  2985 | D:4      | Reached XP level 5. HP: 28/28 MP: 0/14
  3250 | D:4      | Found a white marble altar of Elyvilon.
  3684 | D:4      | You fall into a shaft and drop 3 floors!
  3783 | D:7      | Noticed an ice beast
  3793 | D:7      | Killed an ice beast
  3794 | D:7      | Reached skill level 6 in Spellcasting
  3794 | D:7      | Reached XP level 6. HP: 15/32 MP: 6/17
  4010 | D:7      | Reached skill level 7 in Spellcasting
  4184 | D:7      | Reached XP level 7. HP: 36/36 MP: 12/20
  4359 | D:7      | Reached skill level 8 in Spellcasting
  4457 | D:7      | Reached skill level 9 in Spellcasting
  4541 | D:7      | Found The Oracle's Delphic Readings.
  4604 | D:6      | Found a runed translucent door.
  4605 | D:6      | Noticed Crazy Yiuf
  4781 | D:6      | Killed Crazy Yiuf
  4996 | D:7      | Found a glowing golden altar of the Shining One.
  5196 | D:6      | Reached skill level 10 in Spellcasting
  5196 | D:6      | Reached XP level 8. HP: 41/41 MP: 19/24
  5483 | D:6      | Reached skill level 11 in Spellcasting
  5606 | D:6      | Noticed Menkaure
  5612 | D:6      | Killed Menkaure
  5728 | D:6      | Found a broken altar of Ashenzari.
  6058 | D:5      | Entered Level 5 of the Dungeon
  6258 | D:5      | Reached skill level 12 in Spellcasting
  6523 | D:5      | Found a staircase to the Ecumenical Temple.
  6560 | Temple   | Found a transporter.
  6560 | Temple   | Found a transporter.
  6560 | Temple   | Found a transporter.
  6560 | Temple   | Found a transporter.
  6560 | Temple   | Entered the Ecumenical Temple
  6572 | Temple   | Became a worshipper of Sif Muna the Loreminder
  6647 | D:5      | Reached XP level 9. HP: 36/45 MP: 19/27
  6834 | D:5      | Found a runed translucent gate.
  6835 | D:5      | Found a runed translucent gate.
  6836 | D:5      | Found a runed translucent gate.
  6836 | D:5      | Noticed Zlot's ghost (novice DsBe)
  6858 | D:5      | Killed Zlot's ghost
  6859 | D:5      | Reached skill level 13 in Spellcasting
  7192 | D:5      | Learned a level 4 spell: Iskenderun's Mystic Blast
  7440 | D:4      | Found a sacrificial altar of Ru.
  8324 | D:6      | Noticed Pikel
  8327 | D:6      | Killed Pikel
  8328 | D:6      | Reached skill level 14 in Spellcasting
  8759 | D:8      | Found a runed translucent door.
  8929 | D:8      | Reached * piety under Sif Muna
  9036 | D:8      | Learned a level 4 spell: Fulminant Prism
  9135 | D:8      | Noticed a kobold demonologist
  9139 | D:8      | Killed a kobold demonologist
  9140 | D:8      | Reached skill level 15 in Spellcasting
  9142 | D:8      | Noticed a tengu conjurer
  9147 | D:8      | Reached skill level 10 in Conjurations
  9148 | D:8      | Killed a tengu conjurer
  9149 | D:8      | Reached XP level 10. HP: 50/50 MP: 21/31
  9293 | D:8      | Found a staircase to the Lair.
  9444 | D:8      | Found an ancient bone altar of Kikubaaqudgha.
  9561 | D:8      | Identified the +4 short sword of the Sugar Beet {freeze,
                  | Str+2}
  9743 | D:8      | Found a basalt altar of Yredelemnul.
  9791 | D:9      | Identified the of Xal Popp
  9811 | D:9      | Slain by an acid dragon

Illustrated notes

Levels and vault maps discovered:
D:1:      onia_arrival_handbag, layout_basic, minmay_door_square,
          supply_closet_lemuel, nicolae_twisty_statue_hallways
D:2:      layout_rooms, basic_altar, shapermc_ecumenical_altar_venn
D:3:      layout_basic, vehumet_statue,
          nicolae_uskayaw_murder_on_the_dancefloor, uniq_terence
D:4:      layout_layer_cave, mainiacjoe_overflow_six_doors_small,
          elyvilon_altar_5
D:5:      layout_basic, minmay_temple_entry_arrows, ebering_ghost_rock_garden
D:6:      layout_loops_ring, ashenzari_conservatory_becter, uniq_pikel,
          uniq_crazy_yiuf_cottage, uniq_menkaure
D:7:      layout_basic, mainiacjoe_overflow_concentric_impassable,
          nicolae_nh_oracle_at_delphi
D:8:      layout_loops_corners, dk_yredelemnul_ordeal,
          nicolae_kikubaaqudgha_miasma_corner, lair_entry_dummy,
          minmay_chambers_of_fives
D:9:      layout_small_grid, lemuel_doored_altar, trog_book
Temple:   hellmonk_temple_divided_pantheon

Skill      XL: |  1  2  3  4  5  6  7  8  9 |
---------------+----------------------------+-----
Conjurations   | 5 6 7 8 10 | 10.1
Spellcasting   | 4 5 6 7 10 12 15 | 15.5
Dodging        | |  2.4
Stealth        | |  2.4

Action                     |  1- 3 |  4- 6 |  7- 9 | 10-12 || total
---------------------------+-------+-------+-------+-------++-------
  Melee: Unarmed           |       |     3 |       |       ||     3
         Lance             |       |     2 |       |       ||     2
   Cast: Magic Dart        |    81 |    59 |   136 |     3 ||   279
         Searing Ray       |       |    14 |    45 |     3 ||    62
         Fulminant Prism   |       |       |     7 |     2 ||     9
         Iskenderun's Myst |       |       |     6 |       ||     6
    Use: Scroll            |     4 |     2 |     7 |       ||    13
         Potion            |       |       |     4 |       ||     4
 Armour: Robe              |     2 |    15 |    38 |     5 ||    60
  Dodge: Dodged            |     5 |     9 |    27 |     1 ||    42

Table legend: (Time is in decaauts)
 A = Elapsed time spent in this place.
 B = Non-inter-level travel time spent in this place.
 C = Inter-level travel time spent in this place.
 D = Time resting spent in this place.
 E = Time spent auto-exploring this place.
 F = Levels seen in this place.
 G = Mean time per level.
                   A        B        C        D        E       F      G
               +--------+--------+--------+--------+--------+-----+--------+
         Total |   9795 |   9245 |    550 |   1814 |   6432 |  10 |  979.5 |
       Dungeon |   9768 |   9230 |    538 |   1814 |   6432 |   9 | 1085.3 |
        Temple |     26 |     14 |     12 |      0 |      0 |   1 |   26.0 |
               +--------+--------+--------+--------+--------+-----+--------+

Top non-repeatable levels by time:
     D:7: 1504 daAuts
     D:4: 1468 daAuts
     D:1: 1339 daAuts
     D:6: 1324 daAuts
     D:3: 1177 daAuts
     D:5: 1170 daAuts
     D:8: 1096 daAuts
     D:2: 666 daAuts
  Temple: 26 daAuts
     D:9: 21 daAuts
